Map: Deathaura LE

Players

Maru - Winner!

  • Race: Terran Terran
  • League: Master
  • Spawn Location: 5:00

ByuN

  • Race: Terran Terran
  • Spawn Location: 11:00

Event: ASUS ROG Online 2020

VOD

Have the link to the VOD?

Description

Time

  • Played on: Nov. 29, 2020, 3:12 p.m.
  • Length: 17:47

All games in this series

Show
View Real Time Build Order
Export as new Build Order

Maru Terran - Winner!

Build Orders:  

Get SALT Encoding   

  12  0:00  SCV  
  13  0:12  SCV  
  14  0:16  Supply Depot  
  14  0:24  SCV  
  15  0:38  SCV  
  15  0:39  Barracks  
  16  0:43  Refinery  
  16  0:50  SCV  
  16  0:55  Refinery  
  17  1:02  SCV  
  18  1:14  SCV  
  19  1:26  Reaper  
  19  1:27  Orbital Command  
  19  1:28  Supply Depot  
  20  1:45  Factory  
  20  1:52  SCV  
  21  1:58  Reaper  
  22  2:04  SCV  
  23  2:17  SCV  
  23  2:21  Command Center  
  24  2:28  Hellion  
  24  2:29  SCV  
  27  2:32  Barracks Reactor  
  27  2:37  Supply Depot  
  27  2:41  SCV  
  28  2:48  Starport  
  28  2:52  Widow Mine  
  28  2:54  SCV  
  31  3:06  SCV  
  31  3:09  Marine x2  
  34  3:15  Factory Tech Lab  
  34  3:18  SCV  
  35  3:26  Medivac  
  37  3:27  Marine x2  
  37  3:33  SCV  
  39  3:35  Cyclone  
  43  3:45  SCV  
  43  3:46  Marine x2  
  43  3:47  Orbital Command  
  45  3:53  Refinery  
  45  3:57  SCV  
  46  4:08  Supply Depot  
  46  4:09  SCV  
  47  4:10  Marine x2  
  47  4:14  Factory Tech Lab, SCV  
  47  4:15  Raven  
  52  4:21  SCV  
  53  4:26  Supply Depot, SCV  
  53  4:30  Marine x2  
  56  4:33  SCV  
  56  4:34  Siege Tank  
  60  4:42  SCV  
  59  4:45  SCV  
  58  4:53  Marine x2  
  58  4:54  SCV  
  58  4:57  SCV  
  61  5:05  Raven  
  61  5:06  SCV  
  63  5:08  Command Center  
  63  5:09  Siege Tank  
  63  5:10  Supply Depot, Refinery  
  63  5:12  SCV  
  67  5:16  Marine  
  67  5:17  Marine  
  69  5:22  SCV  
  70  5:32  SCV  
  70  5:33  Supply Depot  
  70  5:34  Marine x2  
  70  5:35  SCV  
  74  5:41  Siege Tank  
  77  5:44  SCV  
  77  5:46  Barracks x2  
  78  5:53  Supply Depot  
  78  5:54  Raven, SCV  
  78  5:56  SCV  
  82  6:01  Marine x2  
  84  6:06  SCV  
  84  6:08  SCV  
  86  6:15  Engineering Bay x2  
  86  6:18  Siege Tank  
  89  6:19  SCV, Marine x2  
  89  6:23  SCV  
  93  6:31  SCV  
  94  6:34  Barracks Reactor x2  
  94  6:36  SCV  
  94  6:39  Orbital Command  
  95  6:43  SCV  
  95  6:45  Terran Infantry Armor Level 1, Terran Infantry Weapons Level 1  
  95  6:46  Supply Depot  
  96  6:47  Stimpack  
  96  6:48  SCV  
  96  6:49  Viking  
  96  6:50  Viking  
  101  6:55  SCV  
  101  6:58  Siege Tank  
  101  7:00  SCV  
  106  7:06  SCV  
  106  7:07  SCV  
  108  7:08  Supply Depot  
  108  7:09  Supply Depot  
  108  7:12  SCV  
  100  7:17  Marine x5  
  100  7:18  SCV  
  100  7:19  Medivac, SCV  
  94  7:24  SCV  
  94  7:25  Refinery  
  94  7:27  Refinery  
  95  7:30  SCV  
  95  7:31  SCV  
  95  7:32  Siege Tank  
  95  7:37  SCV  
  101  7:40  Barracks x2  
  101  7:42  SCV  
  101  7:43  Viking  
  103  7:46  SCV  
  103  7:49  SCV  
  103  7:50  Sensor Tower  
  105  7:53  Marine  
  105  7:54  Marine x4  
  105  7:57  Medivac  
  112  8:03  SCV x2  
  112  8:04  SCV  
  115  8:10  Command Center  
  115  8:11  Missile Turret, Armory, Marine  
  116  8:19  Supply Depot  
  116  8:20  Marine x2  
  116  8:21  Marine x2  
  116  8:22  Siege Tank  
  116  8:25  Medivac  
  125  8:27  Barracks Reactor, Combat Shield  
  125  8:28  Barracks Reactor  
  125  8:29  Marine  
  125  8:32  Medivac  
  128  8:37  Supply Depot x2  
  128  8:38  Marine x4  
  132  8:47  Marine  
  133  8:49  Factory  
  132  8:56  Marine x4  
  135  9:03  Terran Infantry Armor Level 2, Terran Infantry Weapons Level 2  
  135  9:05  Marine  
  136  9:10  Marine x4  
  136  9:14  Terran Vehicle Weapons Level 1, Marine x4  
  147  9:18  Siege Tank  
  147  9:22  Marine  
  147  9:23  SCV  
  149  9:25  Supply Depot  
  149  9:28  Marine x4  
  151  9:32  Marine x2  
  153  9:38  Sensor Tower  
  153  9:45  Marine x2  
  155  9:46  Marine  
  155  9:50  Siege Tank  
  155  9:51  Viking x2  
  163  9:59  Planetary Fortress  
  163  10:00  Supply Depot  
  163  10:02  Barracks Reactor, Siege Tank  
  163  10:03  Missile Turret x2  
  163  10:04  Missile Turret  
  166  10:10  SCV x3  
  166  10:13  Marine x7  
  176  10:31  Command Center, Starport x2  
  176  10:34  Viking x2  
  180  10:41  Command Center  
  180  10:44  Siege Tank x2  
  180  10:46  Supply Depot  
  185  10:51  Armory  
  181  10:57  Refinery x2  
  179  11:08  Marine  
  180  11:12  Starport Tech Lab  
  180  11:13  Starport Tech Lab  
  180  11:16  Siege Tank  
  183  11:18  Terran Vehicle Weapons Level 2  
  183  11:20  Marine x2  
  183  11:21  Marine x3  
  183  11:23  Marine x3  
  192  11:26  Siege Tank  
  192  11:27  Marine  
  189  11:36  Viking  
  189  11:37  Viking  
  189  11:38  Marine  
  188  11:40  Marine  
  188  11:41  Marine  
  188  11:42  Marine x3  
  188  11:46  Terran Infantry Armor Level 3  
  188  11:53  SCV x2  
  188  11:54  SCV x2  
  190  12:00  Terran Infantry Weapons Level 3  
  187  12:04  Command Center  
  187  12:08  Corvid Reactor  
  187  12:09  Raven  
  187  12:10  Marine x6  
  187  12:15  SCV x4  
  199  12:36  Marine  
  188  12:37  Marine  
  188  12:38  Marine x6  
  188  12:40  Raven, Viking  
  188  12:41  Viking  
  188  12:42  Siege Tank  
  196  12:48  Barracks, Orbital Command  
  196  12:52  Raven  
  196  12:54  Marine  
  196  12:55  Marine x6  
  196  12:56  Terran Vehicle And Ship Armor Level 1  
  199  13:15  Marine  
  176  13:23  Marine x5  
  176  13:24  Liberator, Siege Tank x2, Marine x2  
  176  13:25  Liberator  
  190  13:33  Marine  
  191  13:37  Planetary Fortress  
  172  13:41  Raven, Marine x2  
  172  13:42  Raven  
  175  13:49  Marine x2  
  175  13:54  Command Center  
  177  13:58  Marine  
  177  13:59  Marine  
  179  14:04  Siege Tank x2, Marine x3  
  179  14:07  Command Center  
  179  14:08  Missile Turret  
  179  14:09  Missile Turret  
  188  14:10  Terran Vehicle Weapons Level 3  
  188  14:20  Viking  
  188  14:21  Marine x4  
  188  14:22  Marine  
  194  14:24  Raven x2  
  194  14:25  Orbital Command  
  198  14:44  Marine x2  
  200  14:51  Barracks Reactor  
  200  15:01  Starport x2  
  193  15:07  Raven x2  
  193  15:11  Marine x2  
  193  15:12  Marine x4  
  200  15:30  Neosteel Armor, Hi-Sec Auto Tracking, Refinery x2  
  200  15:31  Command Center  
  199  15:48  Marine  
  199  15:49  Marine x2  
  192  15:56  Marine x7  
  195  15:57  Raven x2  
  197  16:05  Planetary Fortress  
  197  16:06  Marine  
  197  16:07  Marine  
  197  16:08  Medivac, Marine  
  197  16:09  Medivac, Starport Tech Lab x2  
  199  16:24  Marine x4  
  200  16:30  Marine x2  
  200  16:32  Marine x3  
  172  16:41  Marine  
  172  16:42  Siege Tank, Marine x4  
  172  16:43  Siege Tank  
  172  16:44  Raven x2  
  182  16:48  Marine  
  182  17:00  Marine x7  
  173  17:03  Marine  
  173  17:04  Marine  
  173  17:06  Marine  
  176  17:15  Siege Tank x2  
  180  17:17  Unknown x2, Marine  
  180  17:18  Command Center, Marine x6  
  180  17:21  Marine  
  188  17:23  Barracks x2  
  188  17:25  Barracks, Marine x2  
Show
View Real Time Build Order
Export as new Build Order

ByuN Terran 

Build Orders: Reaper Expand 

Get SALT Encoding   

  12  0:00  SCV  
  13  0:12  SCV  
  14  0:17  Supply Depot  
  14  0:24  SCV  
  15  0:38  SCV  
  15  0:40  Barracks  
  16  0:44  Refinery  
  16  0:50  SCV  
  17  1:03  SCV  
  18  1:15  SCV  
  19  1:27  Orbital Command, Reaper  
  20  1:52  Command Center  
  20  1:53  SCV  
  21  1:56  Supply Depot  
  21  1:59  Marine  
  22  2:04  Factory  
  23  2:08  SCV  
  23  2:14  Refinery  
  23  2:20  Barracks Reactor, SCV  
  24  2:32  SCV  
  25  2:44  SCV  
  25  2:48  Hellion, Starport  
  28  2:57  SCV, Marine x2  
  30  3:09  SCV  
  30  3:10  Factory Tech Lab  
  31  3:13  Orbital Command  
  31  3:14  Marine  
  31  3:15  Marine  
  33  3:21  SCV  
  34  3:28  Cyclone  
  34  3:29  Starport Tech Lab  
  34  3:33  SCV  
  38  3:34  Marine x2  
  37  3:43  SCV  
  37  3:45  Refinery, SCV  
  38  3:52  Marine x2  
  38  3:54  Supply Depot, Raven  
  38  3:55  SCV  
  43  3:57  SCV  
  44  4:07  SCV  
  44  4:09  Supply Depot, SCV  
  46  4:15  Marine x2  
  46  4:16  Siege Tank  
  51  4:19  SCV  
  51  4:21  SCV  
  53  4:31  SCV  
  53  4:34  SCV  
  53  4:35  Marine x2  
  57  4:44  SCV  
  58  4:46  SCV  
  58  4:47  Raven  
  61  4:56  Command Center, SCV, Marine  
  61  4:58  SCV  
  57  5:07  Siege Tank  
  57  5:08  SCV  
  57  5:10  SCV  
  62  5:14  Supply Depot  
  62  5:36  Barracks, SCV x2  
  62  5:37  Starport Reactor  
  62  5:38  Barracks, Stimpack, Marine  
  62  5:42  Engineering Bay x2  
  65  5:43  Siege Tank  
  65  5:44  Refinery  
  65  5:48  Supply Depot, SCV x2  
  70  5:58  Supply Depot  
  70  6:07  SCV x2, Marine  
  70  6:08  Orbital Command  
  73  6:19  SCV x2  
  73  6:23  Orbital Command, Siege Tank  
  73  6:25  Terran Infantry Armor Level 1, Terran Infantry Weapons Level 1, Marine  
  79  6:29  Starport Reactor, Marine x2  
  79  6:31  SCV x2  
  79  6:32  Marine x2  
  85  6:43  Marine  
  85  6:44  SCV x2  
  88  6:48  Marine x2  
  88  6:50  Marine x2  
  88  6:51  SCV  
  92  6:54  Barracks  
  92  6:55  Barracks  
  92  6:56  SCV x2, Siege Tank  
  92  7:00  Marine  
  98  7:06  Marine x2  
  98  7:08  SCV x2, Marine x2  
  91  7:17  Orbital Command  
  91  7:18  Marine  
  91  7:20  SCV x2  
  80  7:24  Marine x2  
  80  7:26  Marine x2  
  84  7:31  Medivac x2  
  84  7:32  SCV x2  
  84  7:36  Siege Tank, Marine  
  94  7:42  Marine x2  
  94  7:44  SCV x3, Marine  
  96  7:49  Barracks Reactor x2, Armory  
  100  7:56  SCV  
  100  7:57  Supply Depot x2  
  100  7:58  Supply Depot  
  101  8:00  Supply Depot, SCV x2  
  101  8:01  Combat Shield  
  103  8:08  SCV  
  103  8:10  Siege Tank  
  103  8:11  Medivac  
  109  8:18  Medivac, SCV  
  109  8:19  Marine x3  
  114  8:20  Marine x2  
  114  8:21  Refinery  
  114  8:22  Refinery  
  114  8:26  Command Center  
  117  8:32  SCV x3  
  120  8:37  Terran Infantry Armor Level 2, Supply Depot, Terran Infantry Weapons Level 2  
  120  8:47  Siege Tank  
  123  8:50  SCV x3  
  123  8:54  Marine x9  
  135  8:57  Terran Vehicle Weapons Level 1  
  135  8:58  Supply Depot  
  135  9:06  Factory  
  135  9:12  Marine x9  
  135  9:13  Medivac  
  135  9:15  Medivac  
  148  9:19  SCV  
  148  9:20  SCV x2  
  150  9:25  Supply Depot x2  
  150  9:26  Supply Depot  
  150  9:29  Marine  
  150  9:30  Marine  
  152  9:31  SCV  
  152  9:32  SCV x2  
  152  9:33  Marine x6  
  159  9:46  Command Center  
  159  9:48  Barracks Reactor  
  157  9:53  Marine  
  157  9:54  Marine x6  
  157  9:59  Medivac  
  85  10:00  Medivac, Siege Tank, Marine  
  170  10:14  Sensor Tower, Marine x7  
  170  10:18  Marine  
  178  10:24  Siege Tank  
  181  10:29  Medivac x2, Marine x2  
  181  10:32  Marine x2  
  189  10:40  Supply Depot  
  189  10:41  Supply Depot  
  188  10:58  Siege Tank x2  
  188  11:03  Marine x7  
  194  11:05  Marine  
  194  11:06  Marine  
  194  11:09  Marine  
  189  11:21  Marine x7  
  189  11:23  Marine x2  
  188  11:27  Marine  
  188  11:30  Siege Tank x2  
  183  11:39  Marine x7  
  181  11:41  Marine x2  
  181  11:45  Marine  
  174  11:53  Medivac x2  
  171  11:56  Marine  
  171  11:57  Marine  
  171  12:00  Marine x4  
  177  12:02  Siege Tank, Marine  
  177  12:06  Supply Depot  
  177  12:08  Supply Depot  
  181  12:12  Terran Infantry Weapons Level 3  
  181  12:27  Siege Tank, Terran Infantry Armor Level 3  
  182  12:31  Marine x9  
  182  12:34  Siege Tank  
  180  12:41  Marine  
  180  12:43  Orbital Command x2  
  149  12:48  Marine  
  149  12:49  Marine x6  
  153  12:51  Marine x2  
  154  12:58  Marine  
  154  12:59  Siege Tank  
  156  13:06  Siege Tank, Marine  
  156  13:07  Marine x3  
  156  13:08  Marine x3  
  156  13:11  Marine  
  167  13:17  Marine x2  
  160  13:24  Marine  
  160  13:25  Marine x6  
  160  13:29  Marine  
  160  13:31  Siege Tank  
  164  13:35  Marine x2  
  164  13:38  Siege Tank  
  169  13:42  Marine  
  169  13:43  Command Center, Marine x6  
  169  13:44  Medivac x2  
  178  13:52  Marine  
  178  13:53  Marine x2  
  181  13:57  Refinery  
  181  13:59  Refinery  
  181  14:00  Marine  
  181  14:01  Marine x5  
  187  14:03  Siege Tank  
  190  14:11  Siege Tank  
  190  14:12  Marine x2  
  190  14:15  Marine  
  192  14:17  Marine  
  192  14:18  Medivac, Marine  
  192  14:21  Marine  
  197  14:28  Refinery  
  197  14:29  Refinery  
  197  14:39  Marine x2  
  197  14:40  Marine x3  
  197  14:41  Reaper, Siege Tank, Marine x3  
  197  14:44  Marine  
  179  14:57  Marine x2  
  179  14:58  Marine x3  
  179  14:59  Siege Tank, Marine x3  
  188  15:02  Marine  
  185  15:09  Medivac x2  
  185  15:13  Siege Tank, Marine  
  185  15:15  Marine x2  
  185  15:16  Marine x6  
  185  15:20  Marine  
  184  15:31  Marine  
  184  15:32  Marine  
  184  15:33  Siege Tank, Marine x2  
  184  15:34  Marine x5  
  196  15:38  Marine  
  196  15:46  Medivac  
  196  15:47  Medivac  
  196  15:48  Siege Tank, Marine  
  180  15:50  Marine x2  
  180  15:51  Marine  
  180  15:52  Marine x5  
  180  15:55  Marine  
  166  16:05  Siege Tank  
  166  16:06  Marine  
  166  16:08  Marine x2  
  166  16:09  Marine x3  
  166  16:10  Marine x3  
  171  16:13  Marine  
  171  16:16  Medivac  
  171  16:17  Medivac  
  176  16:24  Siege Tank, Marine  
  178  16:26  Marine x2  
  178  16:27  Marine x3  
  178  16:28  Marine x3  
  178  16:31  Marine  
  171  16:38  Siege Tank  
  158  16:42  Marine  
  158  16:44  Marine x2  
  158  16:45  Marine x6  
  158  16:46  Medivac  
  153  16:47  Medivac  
  153  16:49  Marine  
  149  16:56  Siege Tank  
  149  17:00  Marine  
  137  17:01  Marine  
  137  17:02  Marine x2  
  137  17:03  Marine x5  
  137  17:07  Marine  
  133  17:17  Marine  
  133  17:19  Marine x2  
  133  17:21  Marine  
  133  17:22  Marine  
Tags
 
Add a new tag
Caveats
  • Supply blocks, unpowered buildings, or Contaminate may cause inaccurate times.
  • Supply counts are checked every 10 seconds.